 Dungeon Crawl Stone Soup version 0.17.1-1-g73c8601 (webtiles) character file.

4515 Gargoyl the Skirmisher (level 10, 0/79 HPs)
             Began as a Demonspawn Abyssal Knight on Jan 3, 2016.
             Was the Champion of Lugonu.
             Slain by a spiny frog (8 damage)
             ... on level 1 of the Lair of Beasts.
             The game lasted 00:21:49 (9590 turns).

Gargoyl the Skirmisher (Demonspawn Abyssal Knight)  Turns: 9590, Time: 00:21:49

Health: 0/79       AC: 21    Str: 19    XL:     10   Next: 16%
Magic:  12/12      EV: 11    Int: 20    God:    Lugonu [******]
Gold:   773        SH:  0    Dex: 17    Spells: 0 memorised, 9 levels left

rFire  . . .     SeeInvis +     O - +0 war axe
rCold  . . .     Clarity  .     B - +4 plate armour
rNeg   . . .     SustAt   .     g - +1 shield
rPois  .         Gourm    .     (no helmet)
rElec  .         Spirit   .     (no cloak)
rCorr  .         Warding  .     E - +0 pair of gloves
rMut   .         Stasis   .     F - +2 pair of boots {Stlth+}
MR     .....                    (no amulet)
Stlth  ..........               l - ring of see invisible
                                b - +4 ring of strength

@: confused, brilliant, agile, lethally poisoned (0 -> -34), not resistant to
hostile enchantments, extremely unstealthy
A: hooves 2, demonic guardian 2, powered by death 2
a: Depart the Abyss, Bend Space, Banish, Corrupt, Enter the Abyss, Brand Weapon
With Distortion, Renounce Religion


You were on level 1 of the Lair of Beasts.
You worshipped Lugonu.
Lugonu was exalted by your worship.
You were not hungry.

You visited 2 branches of the dungeon, and saw 10 of its levels.
You visited the Abyss 1 time.
You also visited: Ossuary.

You collected 773 gold pieces.

Inventory:

Hand Weapons
 A - a +2 flail of protection
 O - a +0 war axe (weapon)
Missiles
 p - 13 tomahawks (quivered)
 r - 4 tomahawks of returning
Armour
 g - a +1 shield (worn)
 B - a +4 plate armour (worn)
 E - a +0 pair of gloves (worn)
 F - a +2 pair of boots of stealth (worn)
Jewellery
 a - an uncursed ring of fire
 b - a +4 ring of strength (left hand)
 l - a ring of see invisible (right hand)
Wands
 f - a wand of paralysis (8)
 m - a wand of lightning (3)
 o - a wand of slowing (5)
 t - a wand of hasting (4)
 x - a wand of random effects (22)
 D - a wand of slowing (24)
 Q - a wand of disintegration (13)
Scrolls
 d - 9 scrolls of identify
 i - 3 scrolls of recharging
 k - 6 scrolls of remove curse
 y - 4 scrolls of teleportation
 z - 2 scrolls of fear
 H - a scroll of fog
 J - a scroll of magic mapping
 L - a scroll of amnesia
Potions
 e - 2 potions of brilliance
 h - a potion of might
 n - a potion of lignification {unknown}
 s - a potion of invisibility {unknown}
 w - a potion of ambrosia
 I - a potion of flight {unknown}
 K - a potion of poison
 M - a potion of heal wounds {unknown}
 P - a potion of haste {unknown}
Books
 v - a book of Clouds

   Spells                             Type                      Level
   a - Mephitic Cloud                 Conjuration/Poison/Air       3
   b - Conjure Flame                  Conjuration/Fire             3
   c - Poisonous Cloud                Conjuration/Poison/Air       6
   d - Freezing Cloud                 Conjuration/Ice/Air          6
   e - Ring of Flames                 Charms/Fire                  7
 C - a book of Minor Magic

   Spells                             Type                      Level
   a - Magic Dart                     Conjuration                  1
   b - Blink                          Translocation                2
   c - Call Imp                       Summoning                    2
   d - Repel Missiles                 Charms/Air                   2
   e - Slow                           Hexes                        2
   f - Conjure Flame                  Conjuration/Fire             3
   g - Mephitic Cloud                 Conjuration/Poison/Air       3
 N - the Collected Works on Confrontation and the Arsonist
   (You found it on level 8 of the Dungeon)

   Spells                             Type                      Level
   a - Magic Dart                     Conjuration                  1
   b - Dazzling Spray                 Conjuration/Hexes            3
   c - Sticky Flame                   Conjuration/Fire             4
   d - Bolt of Fire                   Conjuration/Fire             6
Comestibles
 c - 5 bread rations
 j - 5 meat rations
 q - a slice of pizza
 u - 8 beef jerkies


   Skills:
 + Level 7.1 Fighting
 + Level 6.8 Axes
 + Level 0.6 Throwing
 + Level 6.4 Armour
 + Level 4.1 Dodging
 + Level 1.4 Stealth
 + Level 6.6 Shields
 + Level 3.0 Invocations


You had 9 spell levels left.
You didn't know any spells.

Dungeon Overview and Level Annotations

Branches:
Dungeon (9/15)             Temple (0/1) D:7            Lair (1/8) D:9
    Orc: D:9-12

Altars:
Ashenzari
Cheibriados
Dithmenos
Elyvilon
Fedhas
Gozag
Kikubaaqudgha
Makhleb
Nemelex Xobeh
Vehumet
Xom
Zin
The Shining One


Innate Abilities, Weirdness & Mutations

You have hoof-like feet.
A demonic guardian rushes to your aid.
You regenerate health from kills.


Message History

Drink which item? (? for menu, Esc to quit)
It was a potion of agility.
You feel agile all of a sudden.
* * * LOW HITPOINT WARNING * * *
You feel very sick. You block the spiny frog's attack.
Drink which item? (? for menu, Esc to quit)
It was a potion of ambrosia.
You are confused.
You feel invigorated.
* * * LOW HITPOINT WARNING * * *
You feel very sick. The spiny frog misses you. The spiny frog stings you.
* * * LOW HITPOINT WARNING * * *
You completely miss the spiny frog.
The spiny frog is almost dead.
* * * LOW HITPOINT WARNING * * *
You feel very sick. The spiny frog stings you!
You die...

#......... ##
##......... ###P+#####
##.......... #........#
#...........
#........###.#.(.......
#........#P..#.........
+........#..##.........
#........'.###.........
#....F@..### #.>.).....
########.# #.........
### #.........
########.# ##


You could see a spiny frog.

Vanquished Creatures
  Grinder (D:4)
  A deep elf fighter (D:9)
  Edmund (D:6)
  A water moccasin (Lair:1)
  2 centaurs
  A black bear (D:8)
  4 ogres
  3 crocodiles (D:9)
  6 giant frogs
  3 elf zombies (Ossuary)
  A gnoll sergeant (D:6)
  2 wights (D:9)
  4 crimson imps
  A giant frog zombie (D:7)
  A jelly (D:9)
  3 centaur zombies (Ossuary)
  A gnoll shaman (D:6)
  Ijyb (D:2)
  6 hounds
  5 orc priests
  A centaur skeleton (D:6)
  Jessica (D:3)
  3 worker ants
  3 orc wizards
  3 big kobold zombies (Ossuary)
  A hound zombie (Ossuary)
  3 mummies (Ossuary)
  2 worker ant zombies
  9 adders
  3 river rats (D:9)
  3 gnolls (D:6)
  A shadow imp (D:5)
  2 oozes
  6 adder zombies (Ossuary)
  2 worms (D:3)
  9 giant geckos
  23 orcs
  12 bats
  A gnoll zombie (Ossuary)
  2 goblins
  12 hobgoblins
  2 quokkas
  4 ball pythons
  6 giant cockroaches
  2 giant gecko skeletons
  17 giant newts
  2 goblin zombies
  2 hobgoblin zombies (Ossuary)
  5 jackals
  A jackal skeleton (D:4)
  2 jackal zombies (Ossuary)
  12 kobolds
  7 kobold zombies (Ossuary)
  An orc zombie (Ossuary)
  A quokka skeleton (D:7)
  2 quokka zombies (Ossuary)
  20 rats
  4 rat zombies
240 creatures vanquished.

Vanquished Creatures (collateral kills)
  Pikel (D:5)
  A basilisk (Lair:1)
  3 orc warriors (D:6)
  2 ogres
  A sky beast (D:8)
  A slave (D:5)
  A centaur (D:6)
  A big kobold (D:6)
  A water moccasin skeleton (D:8)
  A scorpion (D:5)
  6 killer bees (D:7)
  2 wights (D:9)
  2 crimson imps
  3 hounds
  A gnoll shaman (D:6)
  3 giant frog skeletons
  An orc priest (D:6)
  2 orc wizards
  A worker ant zombie (D:8)
  3 gnolls (D:6)
  6 orcs
  2 hobgoblins (D:6)
  2 jackals (D:8)
  A giant newt (D:3)
  A kobold (D:6)
49 creatures vanquished.

Grand Total: 289 creatures vanquished

Notes
Turn   | Place    | Note
--------------------------------------------------------------
     0 | Abyss:1  | Gargoyl the Demonspawn Abyssal Knight began the quest for the Orb.
     0 | Abyss:1  | Reached XP level 1. HP: 18/18 MP: 2/2
    36 | Abyss:1  | Noticed a chaos spawn
    60 | Abyss:1  | Noticed an apocalypse crab
    64 | D:1      | Escaped the Abyss
   251 | D:1      | Gained mutation: You regenerate a little health from kills. [demonic ancestry]
   251 | D:1      | Reached XP level 2. HP: 24/24 MP: 3/3
   311 | D:1      | Reached * piety under Lugonu
   571 | D:1      | Reached skill level 1 in Dodging
   585 | D:1      | Reached XP level 3. HP: 26/29 MP: 5/5
   805 | D:2      | Reached ** piety under Lugonu
  1030 | D:2      | Gained mutation: A weak demonic guardian rushes to your aid. [demonic ancestry]
  1030 | D:2      | Reached XP level 4. HP: 35/37 MP: 6/6
  1256 | D:2      | Noticed Ijyb
  1330 | D:2      | Killed Ijyb
  1330 | D:2      | Reached skill level 1 in Shields
  1483 | D:3      | Found a shattered altar of Ashenzari.
  1546 | D:3      | Found a snail-covered altar of Cheibriados.
  1617 | D:3      | Gained mutation: You have large cloven feet. [demonic ancestry]
  1617 | D:3      | Reached XP level 5. HP: 35/42 MP: 7/7
  1776 | D:3      | Found a burning altar of Makhleb.
  1782 | D:3      | Reached skill level 4 in Fighting
  2052 | D:3      | Noticed Jessica
  2101 | D:3      | Killed Jessica
  2101 | D:3      | Reached *** piety under Lugonu
  2927 | D:4      | Found a blossoming altar of Fedhas.
  2955 | D:4      | Noticed Grinder
  2973 | D:4      | Paralysed by Grinder for 3 turns
  2993 | D:4      | Killed Grinder
  2993 | D:4      | Gained mutation: A demonic guardian rushes to your aid. [demonic ancestry]
  2993 | D:4      | Reached XP level 6. HP: 11/48 MP: 8/8
  3477 | D:4      | Found a glowing silver altar of Zin.
  3477 | D:4      | Found a white marble altar of Elyvilon.
  3478 | D:4      | Found a glowing golden altar of the Shining One.
  3621 | D:4      | Found a radiant altar of Vehumet.
  3630 | D:4      | Found an ancient bone altar of Kikubaaqudgha.
  3680 | D:5      | Entered Level 5 of the Dungeon
  3680 | D:5      | Found a shimmering altar of Xom.
  3875 | D:5      | Gained mutation: You regenerate health from kills. [demonic ancestry]
  3875 | D:5      | Reached XP level 7. HP: 55/55 MP: 9/9
  3891 | D:5      | Noticed Pikel
  3896 | D:5      | Killed Pikel
  4583 | D:6      | Noticed Edmund
  4586 | D:6      | Killed Edmund
  4608 | D:6      | Reached skill level 5 in Fighting
  4613 | D:6      | Gained mutation: You have hoof-like feet. [demonic ancestry]
  4613 | D:6      | Reached XP level 8. HP: 36/62 MP: 10/10
  4725 | D:6      | Reached **** piety under Lugonu
  4755 | D:6      | Reached skill level 5 in Armour
  4796 | D:6      | Found a shadowy altar of Dithmenos.
  5024 | D:6      | Reached skill level 1 in Stealth
  5126 | D:6      | Reached ***** piety under Lugonu
  5485 | D:7      | Reached skill level 5 in Axes
  5784 | D:7      | Found a sand-covered staircase.
  5792 | Ossuary  | Entered an ossuary
  5833 | Ossuary  | Reached XP level 9. HP: 69/69 MP: 11/11
  6111 | Ossuary  | Reached skill level 6 in Fighting
  6372 | D:7      | Reached skill level 5 in Shields
  6385 | D:7      | Identified a scroll of acquirement
  6551 | D:7      | Found an opulent altar of Gozag.
  6551 | D:7      | Found a sparkling altar of Nemelex Xobeh.
  6673 | D:7      | Found a staircase to the Ecumenical Temple.
  6930 | D:8      | Found a snail-covered altar of Cheibriados.
  7622 | D:8      | Identified the Collected Works on Confrontation and the Arsonist
  8192 | D:9      | Reached ****** piety under Lugonu
  8452 | D:9      | Found a staircase to the Lair.
  8582 | D:9      | Reached XP level 10. HP: 22/77 MP: 12/12
  8890 | D:9      | Reached skill level 7 in Fighting
  9495 | Lair:1   | Entered Level 1 of the Lair of Beasts
  9590 | Lair:1   | Slain by a spiny frog

Action                   |  1- 3 |  4- 6 |  7- 9 | 10-12 || total
-------------------------+-------+-------+-------+-------++-------
Melee: Hand axe          |   119 |   227 |   623 |       ||   969
       War axe           |       |       |   104 |   118 ||   222
Throw: Tomahawk          |       |     4 |       |       ||     4
Invok: Depart the Abyss  |     1 |       |       |       ||     1
  Use: Scroll            |       |    11 |    10 |       ||    21
       Potion            |       |       |       |     4 ||     4
 Stab: Distracted        |       |       |     1 |       ||     1
  Eat: Chunk             |     1 |     1 |     2 |       ||     4
       Bread ration      |       |     2 |     4 |       ||     6
